Map: Lightshade LE

Players

Rob

  • Race: Protoss Protoss

Neeb - Winner!

  • Race: Protoss Protoss

Event: DreamHack SC2 Masters 2021 Fall

VOD

Have the link to the VOD?

Description

Time

  • Played on: Aug. 3, 2021, 5:09 p.m.
  • Length: 7:12

All games in this series

Show
View Real Time Build Order
Export as new Build Order

Rob Protoss 

Build Orders:  

Get SALT Encoding   

  12  0:00  Probe  
  13  0:12  Probe  
  14  0:18  Pylon  
  14  0:25  Probe (Chrono Boost)  
  15  0:37  Gateway, Probe (Chrono Boost)  
  16  0:45  Probe (Chrono Boost)  
  17  0:50  Assimilator  
  17  0:51  Probe  
  17  0:56  Assimilator  
  18  1:03  Probe (Chrono Boost)  
  19  1:08  Gateway  
  19  1:15  Probe (Chrono Boost)  
  20  1:20  Probe (Chrono Boost)  
  20  1:25  Cybernetics Core  
  21  1:30  Probe  
  22  1:42  Probe  
  23  1:48  Pylon  
  23  1:58  Warp Gate (Chrono Boost)  
  23  2:06  Stalker x2  
  27  2:11  Gateway  
  27  2:21  Pylon  
  27  2:36  Stalker x2  
  31  2:59  Stalker  
  31  3:05  Probe  
  34  3:06  Stalker x2  
  37  3:18  Shield Battery  
  37  3:28  Pylon  
  37  3:41  Stalker  
  39  3:49  Twilight Council  
  39  3:50  Sentry, Stalker  
  43  4:09  Pylon  
  42  4:10  Pylon  
  39  4:27  Pylon, Probe  
  40  4:35  Stalker  
  39  4:55  Stalker x2  
  39  4:56  Probe  
  40  5:09  Probe  
  35  5:19  Adept x2  
  35  5:21  Probe  
  38  5:33  Probe (Chrono Boost)  
  36  5:44  Shield Battery, Probe (Chrono Boost)  
  36  5:49  Probe (Chrono Boost)  
  37  5:59  Probe  
  36  6:08  Stalker  
  38  6:11  Probe (Chrono Boost)  
  35  6:23  Probe (Chrono Boost)  
  35  6:24  Stalker  
  38  6:31  Pylon  
  38  6:42  Stalker  
  40  6:47  Robotics Facility  
Show
View Real Time Build Order
Export as new Build Order

Neeb Protoss - Winner!

Build Orders:  

Get SALT Encoding   

  12  0:00  Probe  
  13  0:12  Probe  
  14  0:17  Pylon  
  14  0:24  Probe (Chrono Boost)  
  15  0:36  Probe (Chrono Boost)  
  15  0:39  Gateway  
  16  0:44  Probe (Chrono Boost)  
  16  0:46  Assimilator  
  17  0:51  Probe  
  17  0:54  Assimilator  
  18  1:03  Probe  
  19  1:09  Gateway  
  19  1:15  Probe  
  20  1:27  Cybernetics Core, Probe  
  21  1:36  Pylon  
  21  1:39  Probe  
  22  1:51  Probe  
  23  2:03  Stalker x2 (Chrono Boost)  
  23  2:04  Warp Gate  
  23  2:06  Probe  
  28  2:12  Pylon  
  28  2:26  Pylon  
  28  2:30  Stalker (Chrono Boost)  
  28  2:31  Stalker (Chrono Boost)  
  32  2:49  Stargate  
  32  2:57  Pylon  
  32  3:08  Stalker x2  
  36  3:26  Void Ray (Chrono Boost)  
  36  3:27  Shield Battery  
  36  3:36  Gateway  
  36  3:40  Gateway  
  40  3:47  Gateway  
  40  3:54  Sentry  
  42  4:11  Stalker  
  42  4:15  Pylon  
  44  4:17  Pylon  
  42  4:31  Twilight Council  
  42  4:33  Adept x2  
  46  4:50  Stalker x2  
  44  5:16  Dark Shrine  
  44  5:23  Probe  
  41  5:36  Probe  
  42  5:43  Nexus  
  42  5:45  Stalker  
  42  5:48  Probe  
  45  5:51  Stalker  
  45  5:52  Stalker  
  49  6:02  Stalker  
  45  6:08  Probe  
  40  6:20  Probe (Chrono Boost)  
  40  6:24  Pylon  
  41  6:28  Dark Templar  
  41  6:31  Probe (Chrono Boost)  
  44  6:35  Probe (Chrono Boost)  
  43  6:44  Shield Battery  
  43  6:46  Probe  
  44  6:53  Dark Templar  
  44  6:58  Probe x2  

Tags
 
Add a new tag
Caveats
  • Supply blocks, unpowered buildings, or Contaminate may cause inaccurate times.
  • Supply counts are checked every 10 seconds.